 Dungeon Crawl Stone Soup version 0.31-a0-881-ge136f0c47a (webtiles) character file.

Game seed: 10007474312261261264

15 lnt the Chopper (level 2, 26/26 HPs)
             Began as a Minotaur Berserker on Aug 3, 2022.
             Was a Follower of Trog.
             Quit the game on level 1 of the Dungeon on Oct 16, 2023.
             The game lasted 00:02:54 (1019 turns).

lnt the Chopper (Minotaur Berserker)                Turns: 1019, Time: 00:02:54

Health: 26/26      AC:  5    Str: 21    XL:     2   Next: 34%
Magic:  1/1        EV: 11    Int:  4    God:    Trog [*.....]
Gold:   55         SH:  0    Dex:  9    Spells: 1/1 levels left

rFire   . . .        a - +0 hand axe
rCold   . . .        (no shield)
rNeg    . . .        i - +0 ring mail
rPois   .            (helmet restricted)
rElec   .            (no cloak)
rCorr   .            (no gloves)
SInv    .            (no boots)
Will    .....        (no amulet) Stlth
                     (no ring)
HPRegen 0.24/turn    (no ring)
MPRegen 0.07/turn

%: no passive effects
@: no status effects
A: horns 2, retaliatory headbutt
a: Renounce Religion, Berserk


You were on level 1 of the Dungeon.
You worshipped Trog.
Trog was aware of your devotion.
You visited 1 branch of the dungeon, and saw 1 of its levels.

You collected 72 gold pieces.
You spent 17 gold pieces at shops.

Inventory:

Hand Weapons
 a - a +0 hand axe (weapon)
Missiles
 d - 6 poisoned darts (quivered)
Armour
 b - a +0 animal skin
 i - a +0 ring mail (worn)
Jewellery
 e - a +6 ring of strength
Potions
 c - a potion of degeneration {unknown}
 f - a potion of ambrosia {unknown}
 g - a potion of might {unknown}
 h - a potion of attraction {unknown}


   Skills:
 - Level 3.6 Fighting
 + Level 4.6 Axes
 - Level 2.4 Armour
 - Level 2.1 Dodging


You had one spell level left.
You didn't know any spells.
Your spell library was empty.

Dungeon Overview and Level Annotations

Branches:
Dungeon (1/15)

Altars:

Shops:
D:1 ?:=(


Innate Abilities, Weirdness & Mutations

You have a pair of horns on your head.
You reflexively headbutt those who attack you in melee.


Message History

You kill the endoplasm!
Trog accepts your kill.
No target in view!
You start removing your armour.
You continue taking off your +0 animal skin. x4
You finish taking off your +0 animal skin.
You start putting on your armour.
You continue putting on your +0 ring mail. x5
You finish putting on your +0 ring mail.
You open the door.
There is an open door here.
There is an open door here.
You open the door.
There is an open door here.
Found Odous's Magic Scroll Boutique.
There is an entrance to Odous's Magic Scroll Boutique here.
You can access your shopping list by pressing '$'.
An endoplasm comes into view.
The endoplasm quivers.
You slash the endoplasm!
You kill the endoplasm!
Trog accepts your kill.
No target in view!
No target in view!
There is an entrance to Odous's Magic Scroll Boutique here.
You see here a rat skeleton.
Could not explore, unopened door.
You open the door. As you open the door, it creaks loudly!
Found Ylenatzi's Book Shoppe.
There is an open door here.
There is an entrance to Ylenatzi's Book Shoppe here.
As you open the door, it creaks loudly!
You open the door. You open the door.
Save game and exit?
Welcome back, lnt the Minotaur Berserker.
Trog says: Kill them all!
Press ? for a list of commands and other information.
Are you sure you want to abandon this character and quit the game? (Confirm with "yes".)

#....### ####.#.#
#####.#.# ....#...#
###.###.# ..#.# #.# ####
###.###.# #.. #
......#.########'#.#####
###.#.#........'@'......
# #.#.##########'#.#####
###.#.# #.. # ..#.#.#
#### ###.#.# #.#.# #.#.#
#...# #.###


There were no monsters in sight!

Vanquished Creatures
  4 endoplasms (D:1)
  A giant cockroach (D:1)
  2 hobgoblins (D:1)
  2 ball pythons (D:1)
  A bat (D:1)
  A kobold (D:1)
  4 rats (D:1)
15 creatures vanquished.

Notes
Turn   | Place    | Note
-------+----------+-------------------------------------------
     0 | D:1      | lnt the Minotaur Berserker began the quest for the Orb.
     0 | D:1      | Reached XP level 1. HP: 19/19 MP: 0/0
    96 | D:1      | Found Namp's Jewellery Shop.
   136 | D:1      | Found Wadeob's Weapon Shoppe.
   160 | D:1      | Bought 4 poisoned darts for 17 gold pieces
   355 | D:1      | Reached skill level 4 in Axes
   467 | D:1      | Found a faded altar of an unknown god.
   512 | D:1      | Reached XP level 2. HP: 18/26 MP: 1/1
   874 | D:1      | Found Odous's Magic Scroll Boutique.
  1013 | D:1      | Found Ylenatzi's Book Shoppe.
  1019 | D:1      | Upgraded the game from 0.29-a0-993-g4a18f31a58 to
                  | 0.31-a0-881-ge136f0c47a
  1019 | D:1      | Quit the game

Illustrated notes

Levels and vault maps discovered:
D:1:      noname_arrival_rooms_in_the_neighbourhood, layout_basic,
          hellmonk_ecumenical_altar_run_dry, serial_shops,
          nicolae_shop_behind_doors, nicolae_lakefront_shop, shop,
          nicolae_shop_behind_doors, shop

Skill      XL: |  1 |
---------------+----+-----
Axes           | 4 |  4.6
Fighting       | |  3.6
Armour         | |  2.4
Dodging        | |  2.1

Action                     || total
---------------------------++-------
  Melee: Hand axe          ||    35
         Headbutt          ||     3
 Armour: Animal skin       ||     4
  Dodge: Dodged            ||    29

Table legend: (Time is in decaauts)
 A = Elapsed time spent in this place.
 B = Non-inter-level travel time spent in this place.
 C = Inter-level travel time spent in this place.
 D = Time resting spent in this place.
 E = Time spent auto-exploring this place.
 F = Levels seen in this place.
 G = Mean time per level.
                   A        B        C        D        E       F      G
               +--------+--------+--------+--------+--------+-----+--------+
         Total |   1022 |   1022 |      0 |    288 |    458 |   1 | 1022.0 |
       Dungeon |   1022 |   1022 |      0 |    288 |    458 |   1 | 1022.0 |
               +--------+--------+--------+--------+--------+-----+--------+

Top non-repeatable levels by time:
     D:1: 1022 daAuts
